AoeStats
← WING123456

Arena

509612437Analyzed
4v4 RM · 5d ago on Sep 27, 2026· 21m 7s· 8 players
Game mode
Random Map
Map size
Large (8 player)
Population
200
Speed
Normal
Resources
Standard
Victory
Conquest
Starting age
Dark Age
Ending age
Imperial Age
RankedLock teamsTeams togetherTeam positionsShared explorationLock speedFull tech treeHidden civsTurbo modeCheats
Victory
Defeat
🇨🇳 Vikings · China
1078
+16
🇹🇷 Chinese · Türkiye
1077
+16
🇪🇨 Byzantines · Ecuador
1064
+17
🇫🇷 Persians · France
1039
+17
🇹🇼 Khmer · Taiwan
1099
-18
🇨🇳 Burgundians · China
1094
-17
🇨🇳 Huns · China
1092
-17
🇮🇳 Huns · India
1017
-14
henry2992
12:26 Feudal Age
16:47 Castle Age
15:09 Double-Bit Axe
15:43 Gold Mining
16:59 Man-at-Arms
18:24 Loom
Viglaf
0:27 Loom
cris
11:39 Feudal Age
15:21 Castle Age
13:37 Double-Bit Axe
15:33 Loom
19:38 Gold Mining
20:01 Bow Saw
WING123456
10:49 Feudal Age
15:33 Castle Age
13:55 Double-Bit Axe
14:08 Horse Collar
15:20 Scale Mail Armor
15:15 Gold Mining
16:48 Arson
19:37 Forging
xi jinping
noob9527
快乐的小跑
10:19 Feudal Age
17:02 Castle Age
波波菜FV
1:46 Loom
12:00 Feudal Age
Connection lost

Rejoining the realm…

Still unreachable

The connection could not be restored.

Session expired

The server has moved on; the page needs a fresh start.